 Dungeon Sprint DCSS version 0.29.1-12-g30fa7ad0bf (webtiles) character file.

Game seed: 4082126811455578821

550 boopmooplesden the Spear-Bearer (level 7, -1/74 HPs)
             Began as a Minotaur Berserker on Dec 15, 2022.
             Was an Elder of Trog.
             Slain by an ice beast (8 damage)
             ... in the Dungeon (Sprint VII: "The Pits").
             The game lasted 00:01:06 (372 turns).

boopmooplesden the Spear-Bearer (Minotaur Berserker) Turns: 372, Time: 00:01:06

Health: -1/74      AC: 10    Str: 23    XL:     7   Next: 7%
Magic:  6/6        EV: 12    Int:  4    God:    Trog [****..]
Gold:   0          SH:  0    Dex: 10    Spells: 6/6 levels left

rFire   . . .      SeeInvis .   m - +0 trident (vorpal)
rCold   . . .      Faith    .   (no shield)
rNeg    . . .      Spirit   .   l - +3 scale mail
rPois   .          Reflect  .   (helmet restricted)
rElec   .          Harm     .   (no cloak)
rCorr   .          Rampage  .   (no gloves)
Will    .....      NoTele   +   (no boots)
Stlth   ..........              (no amulet)
HPRegen 0.22/turn               (no ring)
MPRegen 0.10/turn               (no ring)

@: on berserk cooldown, slowed, very slow
A: horns 2, retaliatory headbutt
a: Renounce Religion, Berserk, Trog's Hand, Brothers in Arms


You were in the Dungeon.
You worshipped Trog.
Trog was greatly pleased with you.
You visited 1 branch

Inventory:

Hand Weapons
 a - a +0 spear
 i - a +2 trident
 m - a +0 vorpal trident (weapon)
Armour
 b - a +0 animal skin
 l - a +3 scale mail (worn)
Scrolls
 h - a scroll of blinking
 k - a scroll of summoning
Potions
 c - 6 potions of curing
 d - 6 potions of heal wounds
 e - a potion of haste
 f - 4 potions of magic
 g - 3 potions of berserk rage
 j - 2 potions of invisibility


   Skills:
 + Level 11.5 Fighting
 + Level 12.0 Polearms
 + Level 6.3 Armour
 + Level 6.3 Dodging


You had 6 spell levels left.
You didn't know any spells.
Your spell library was empty.

Dungeon Overview and Level Annotations

Branches:
Dungeon (1/1)

Altars:


Innate Abilities, Weirdness & Mutations

You have a pair of horns on your head.
You reflexively headbutt those who attack you in melee.


Message History

You barely miss the water moccasin.
You feel sick.
You puncture the water moccasin! You headbutt the water moccasin.
The water moccasin is severely wounded.
The water moccasin closely misses you. You furiously retaliate!
You headbutt the water moccasin!
You kill the water moccasin!
Trog accepts your kill.
You can now call in reinforcements.
Your Polearms skill increases to level 12!
You have reached level 7!
You closely miss the adder. Your headbutt misses the adder.
You feel sick.
You hit the adder.
The adder is heavily wounded.
The adder barely misses you.
You puncture the adder!
You kill the adder!
Trog accepts your kill.
You feel sick.
You are no longer berserk.
You are exhausted.
You feel yourself slow down. The ice beast barely misses you.
You see here a water moccasin corpse.
You hit the ice beast but do no damage.
You feel sick. The ice beast hits you. The ice beast freezes you!
You hit the ice beast but do no damage.
You feel sick.
You are no longer poisoned.
The ice beast closely misses you. You furiously retaliate!
You headbutt the ice beast! You closely miss the ice beast.
You headbutt the ice beast!
The ice beast is severely wounded.
The ice beast hits you. The ice beast freezes you!
* * * LOW HITPOINT WARNING * * *
You hit the ice beast.
The ice beast is almost dead.
The ice beast hits you but does no damage.
You hit the ice beast but do no damage. Your headbutt misses the ice beast.
The ice beast is almost dead.
The ice beast hits you.
* * * LOW HITPOINT WARNING * * *
The ice beast freezes you!
You die...

#'#####'#####.....
#.#....รท#..##.....
#.#.....#.)#####'#
#.###'###))##.....
#.#.....#))##.....
#.#.....#.[##.....
#.####'##'###...<.
#.#..).....##.....
#@#........##.....
#Y###########.....
#r..S...# ######
#...#...# #...# .#
#.##.# #.. #.. #..
... #.. ..+


You could see an ice beast and a rat.

Vanquished Creatures
  2 water moccasins (D)
  A floating eye (D)
  A sky beast (D)
  A phantom (D)
  A scorpion (D)
  An adder (D)
  An adder skeleton (D)
  A kobold (D)
  A quokka (D)
  A ball python (D)
  A bat (D)
  A frilled lizard (D)
13 creatures vanquished.

Notes
Turn   | Place    | Note
-------+----------+-------------------------------------------
     0 | D        | boopmooplesden the Minotaur Berserker began the quest for
                  | the Orb.
     0 | D        | Reached XP level 1. HP: 19/19 MP: 0/0
     8 | D        | Noticed a floating eye
    11 | D        | Killed a floating eye
    12 | D        | Reached skill level 7 in Polearms
    12 | D        | Reached XP level 2. HP: 34/34 MP: 1/1
    12 | D        | Reached XP level 3. HP: 39/39 MP: 2/2
    12 | D        | Reached XP level 4. HP: 47/47 MP: 3/3
    43 | D        | Noticed a scorpion
    49 | D        | Killed a scorpion
    50 | D        | Reached skill level 8 in Polearms
    50 | D        | Reached XP level 5. HP: 56/56 MP: 4/4
    51 | D        | Reached ** piety under Trog
   261 | D        | Noticed a phantom
   263 | D        | Reached *** piety under Trog
   266 | D        | Killed a phantom
   267 | D        | Reached skill level 9 in Polearms
   267 | D        | Reached skill level 5 in Armour
   267 | D        | Reached skill level 5 in Dodging
   337 | D        | Noticed a sky beast
   338 | D        | Noticed a water moccasin
   338 | D        | Noticed an ice beast
   338 | D        | Noticed a water moccasin
   352 | D        | Killed a sky beast
   353 | D        | Reached skill level 10 in Fighting
   353 | D        | Reached skill level 10 in Polearms
   353 | D        | Reached XP level 6. HP: 66/67 MP: 5/5
   360 | D        | Killed a water moccasin
   361 | D        | Reached skill level 11 in Polearms
   363 | D        | Killed a water moccasin
   363 | D        | Reached **** piety under Trog
   364 | D        | Reached skill level 12 in Polearms
   364 | D        | Reached XP level 7. HP: 65/74 MP: 6/6
   372 | D        | Slain by an ice beast

Illustrated notes

Levels and vault maps discovered:
D:        pitsprint [storerooms_1, entrance_room_1, metal_vault_8, armoury_1,
          mini_pit_1, grid_room_1, main_hall_1, silver_pit, the_coven_2,
          the_vestibule_1, steel_vault_2, golden_pit, hallway_of_sentries,
          crystal_vault_1, iron_vault_2, final_vault]

Skill      XL: |  1  2  3  4  5  6 |
---------------+-------------------+-----
Fighting       | 7 8 10 11 | 11.5
Polearms       | 7 8 10 12 | 12.0
Armour         | 4 5 6 |  6.3
Dodging        | 3 4 5 6 |  6.3

Action                   |  1- 3 |  4- 6 |  7- 9 || total
-------------------------+-------+-------+-------++-------
Melee: Spear             |     2 |       |       ||     2
       Headbutt          |     1 |     3 |     1 ||     5
       Trident           |       |    40 |     8 ||    48
Invok: Berserk           |       |     3 |       ||     3
Armor: Animal skin       |       |     5 |       ||     5
       Scale mail        |       |     4 |     1 ||     5
Dodge: Dodged            |       |    14 |     3 ||    17
